AoeStats
← Роман Русланович

Black Forest

510381183Analyzed
3v3 RM · 13h ago on Sep 30, 2026· 38m 58s· 6 players
Game mode
Random Map
Map size
Normal (6 player)
Population
200
Speed
Normal
Resources
Standard
Victory
Conquest
Starting age
Dark Age
Ending age
Imperial Age
RankedLock teamsTeams togetherTeam positionsShared explorationLock speedFull tech treeHidden civsTurbo modeCheats
Victory
Defeat
🇫🇷 Mongols · France
1312
+7
🇫🇷 Franks · France
1047
+16
🇫🇷 Britons · France
930
+38
🇮🇹 Bohemians · Italy
1085
-15
🇨🇳 Poles · China
1073
-15
1019
-38
Sar-Elam
0:43 Loom
12:35 Feudal Age
13:23 Double-Bit Axe
13:26 Horse Collar
19:47 Castle Age
20:41 Heavy Plow
20:53 Bow Saw
21:52 Forging
22:31 Scale Barding Armor
22:26 Gold Mining
23:53 Wheelbarrow
23:19 Fletching
23:24 Fishing Lines
24:53 Bodkin Arrow
27:24 Fortified Wall
27:56 Stone Mining
30:53 Imperial Age
29:01 Ballistics
29:10 Town Watch
30:07 Hand Cart
30:33 Masonry
32:42 Chemistry
32:10 Lechitic Legacy
31:22 Light Cavalry
32:48 Siege Engineers
36:00 Bracer
36:01 Padded Archer Armor
36:42 Bloodlines
35:53 Winged Hussar
36:34 Husbandry
Bombero90
11:30 Feudal Age
11:53 Loom
16:33 Castle Age
15:00 Double-Bit Axe
14:57 Horse Collar
19:31 Heavy Plow
19:44 Bow Saw
29:27 Imperial Age
29:50 Chemistry
28:24 Elite Skirmisher
30:32 Wheelbarrow
31:43 Two-Man Saw
31:29 Fletching
31:39 Padded Archer Armor
34:03 Pikeman
Роман Русланович
12:36 Loom
18:31 Wheelbarrow
Tcharly8
11:46 Feudal Age
10:46 Loom
16:28 Castle Age
14:58 Stone Mining
15:31 Double-Bit Axe
18:12 Husbandry
22:03 Wheelbarrow
23:34 Hand Cart
28:16 Imperial Age
26:14 Gold Mining
26:49 Forging
28:43 Scale Barding Armor
30:07 Cavalier
31:10 Chain Barding Armor
31:26 Iron Casting
32:53 Paladin
37:37 Plate Barding Armor
38:03 Blast Furnace
Altefkat
5:32 Loom
10:11 Feudal Age
11:45 Wheelbarrow
11:00 Horse Collar
11:19 Double-Bit Axe
13:10 Stone Mining
21:28 Castle Age
20:53 Fletching
22:20 Bow Saw
22:37 Heavy Plow
23:02 Crossbowman
23:44 Bodkin Arrow
24:57 Padded Archer Armor
25:45 Hand Cart
29:31 Town Watch
32:32 Leather Archer Armor
33:42 Forging
33:58 Town Patrol
36:29 Imperial Age
34:02 Town Patrol
36:18 Scale Barding Armor
37:28 Husbandry
36:50 Cavalier
37:22 Elite Longbowman
Skawawa
0:39 Loom
12:04 Feudal Age
15:59 Castle Age
14:01 Double-Bit Axe
14:39 Stone Mining
14:42 Fletching
17:05 Bodkin Arrow
29:55 Imperial Age
30:05 Ballistics
29:59 Padded Archer Armor
30:38 Wheelbarrow
31:51 Chemistry
31:13 Bow Saw
34:32 Bracer
35:42 Leather Archer Armor
36:03 Horse Collar
37:23 Bloodlines
38:19 Conscription
38:44 Husbandry
Connection lost

Rejoining the realm…

Still unreachable

The connection could not be restored.

Session expired

The server has moved on; the page needs a fresh start.